 Dungeon Crawl Stone Soup version 0.22-a0-423-g4197694 (webtiles) character file.

2603 Kairos the Cleaver (level 9, -1/69 HPs)
             Began as a Demonspawn Gladiator on May 23, 2018.
             Was an Initiate of Okawaru.
             Slain by a killer bee (2 damage)
             ... on level 9 of the Dungeon.
             The game lasted 00:18:54 (8943 turns).

Kairos the Cleaver (Demonspawn Gladiator)           Turns: 8943, Time: 00:18:55

Health: -1/69      AC:  9    Str: 20    XL:     9   Next: 33%
Magic:  8/8        EV: 11    Int: 10    God:    Okawaru [......]
Gold:   362        SH:  4    Dex: 15    Spells: 8/8 levels left

rFire    + + .     SeeInvis .   a - +2 war axe
rCold    . . .     Gourm    .   m - +0 buckler
rNeg     . . .     Faith    .   n - +0 chain mail
rPois    .         Spirit   .   (helmet restricted)
rElec    .         Reflect  .   o - scarf {cloud immunity}
rCorr    .         Harm     .   (no gloves)
MR       .....                  (no boots)
Stlth    ..........             (no amulet)
HPRegen  0.21/turn              e - +2 ring of evasion
MPRegen  0.11/turn              g - ring of protection from fire

@: mighty, lethally poisoned (-1 -> -8)
A: antennae 1, talons 1, blink, demonic guardian 1, fire resistance 1, low mp 1,
weak 1
a: Blink, Renounce Religion


You were on level 9 of the Dungeon.
You worshipped Okawaru.
Okawaru was noncommittal.
You were very hungry.

You visited 2 branches of the dungeon, and saw 10 of its levels.

You collected 362 gold pieces.

Inventory:

Hand Weapons
 a - a +2 war axe (weapon)
 p - a +1 whip of venom
 x - a +2 whip of electrocution
 E - a +2 hunting sling of velocity
Missiles
 d - 3 throwing nets (quivered)
 u - 17 tomahawks
Armour
 c - a +0 helmet
 m - a +0 buckler (worn)
 n - a +0 chain mail (worn)
 o - a scarf of cloud immunity (worn)
Jewellery
 e - a +2 ring of evasion (left hand)
 g - a ring of protection from fire (right hand)
Wands
 b - a wand of iceblast (10)
 l - a wand of paralysis (8)
 y - a wand of digging (15)
 F - a wand of enslavement (14)
Scrolls
 h - a scroll of fog {unknown}
 i - 3 scrolls of immolation
 k - 5 scrolls of remove curse
 r - 2 scrolls of fear
 s - a scroll of enchant armour {unknown}
 t - a scroll of blinking {unknown}
 A - a scroll of identify
 C - a scroll of vulnerability {unknown}
Potions
 j - a potion of lignification
 v - 2 potions of agility
 B - a potion of flight
Comestibles
 f - 7 rations


   Skills:
 + Level 5.6 Fighting
 + Level 8.6 Axes
 + Level 0.3(5.3) Maces & Flails
 + Level 1.8 Throwing
 + Level 5.0 Armour
 + Level 3.7 Dodging
 + Level 1.8 Stealth
 + Level 2.2 Shields


You had 8 spell levels left.
You didn't know any spells.
Your spell library contained the following spells:

 Spells                   Type           Power        Failure   Level  Hunger
 Magic Dart               Conj           #...         99%         1    ##.....
 Iskenderun's Mystic Bla  Conj           #.......     100%        4    #####..
 Fulminant Prism          Conj/Hex       #.........   100%        4    #####..
 Dazzling Spray           Conj/Hex       #.....       100%        3    ####...
 Force Lance              Conj/Tloc      #.......     100%        4    #####..
 Searing Ray              Conj           #.....       100%        2    ###....


Dungeon Overview and Level Annotations

Branches:
Dungeon (9/15)             Temple (1/1) D:7
   Lair: D:8-11         Orc: D:9-12

Altars:
Ashenzari
Cheibriados
Dithmenos
Elyvilon
Fedhas
Gozag
Hepliaklqana
Kikubaaqudgha
Makhleb
Nemelex Xobeh
Okawaru
Qazlal
Ru
Sif Muna
Trog
Uskayaw
Vehumet
Xom
Yredelemnul
Zin
The Shining One

Shops:
D:8 :


Innate Abilities, Weirdness & Mutations

You have sharp toenails.
A weak demonic guardian rushes to your aid.
Your flesh is heat resistant. (rF+)
You have a pair of small antennae on your head.
You can translocate small distances at will.
Your magical capacity is low. (-10% MP)
You are weak. (Str -2)


Message History

You hit the hound. You claw the hound.
The hound is severely wounded.
You miss the killer bee. The killer bee barely misses you.
You block the hound's attack.
The killer bee stings you but does no damage.
The hound closely misses you.
Your white imp barely misses the hungry ghost.
The killer bee stings you.
* * * LOW HITPOINT WARNING * * *
You are poisoned.
The killer bee poisons you!
You feel very mighty all of a sudden.
You feel sick. The hound bites you but does no damage.
The killer bee stings you!
* * * LOW HITPOINT WARNING * * *
You are more poisoned.
The killer bee poisons you!
Your white imp closely misses the troll.
You block the hound's attack. The killer bee stings you.
You die...

########
#...##.##
#...##..##
#..@##5..#
###yh#.#.#
##WT5.#
###.O##
#Z..#
#.#.# %≈≈P
#T#.#
..P≈≈
#.#%#
...≈P #O#
# ≈.≈


You could see a two-headed ogre, a troll, a hungry ghost, a hound, a killer bee,
an adder zombie and a friendly white imp.

Vanquished Creatures
  Pikel (D:5)
  Joseph (D:7)
  2 slaves (D:5)
  A centaur (D:6)
  A phantom (D:7)
  2 bullfrogs
  A scorpion (D:8)
  A killer bee (D:9)
  A howler monkey (D:6)
  A crimson imp (D:5)
  3 hounds
  3 jellies
  2 orc priests
  A bullfrog skeleton (D:4)
  2 centaur skeletons
  8 orc wizards
  2 iguanas
  5 worker ants
  A hound skeleton (D:6)
  4 gnolls (D:3)
  6 adders
  3 oozes
  An adder skeleton (D:7)
  3 worms
  A dart slug (D:1)
  5 leopard geckos
  14 orcs
  5 giant cockroaches
  14 goblins
  7 hobgoblins
  9 jackals (D:4)
  11 kobolds
  2 quokkas (D:4)
  A ball python (D:6)
  6 bats
  7 frilled lizards
  A quokka skeleton (D:4)
  11 rats
  A spectral orc (D:8)
151 creatures vanquished.

Vanquished Creatures (collateral kills)
  The ghost of CapnJeff the Chopper, an amateur DsFi (D:3)
  An orc warrior (D:6)
  A slave (D:5)
  A phantom (D:8)
  3 ogres
  2 centaurs
  An adder (D:6)
  A leopard gecko (D:7)
  3 orcs (D:4)
14 creatures vanquished.

Vanquished Creatures (others)
  An orc wizard (D:7)
1 creature vanquished.

Grand Total: 166 creatures vanquished

Notes
Turn   | Place    | Note
-------+----------+-------------------------------------------
     0 | D:1      | Kairos the Demonspawn Gladiator began the quest for the Orb.
     0 | D:1      | Reached XP level 1. HP: 16/16 MP: 1/1
   129 | D:1      | Reached skill level 3 in Axes
   160 | D:1      | Gained mutation: Your flesh is heat resistant. (rF+) [demonic ancestry]
   160 | D:1      | Reached XP level 2. HP: 14/22 MP: 2/2
   886 | D:2      | Gained mutation: A weak demonic guardian rushes to your aid. [demonic ancestry]
   886 | D:2      | Reached XP level 3. HP: 24/27 MP: 3/3
  1611 | D:3      | Reached XP level 4. HP: 26/34 MP: 4/4
  1852 | D:3      | Reached skill level 4 in Axes
  1883 | D:3      | Noticed CapnJeff's ghost (amateur DsFi)
  1937 | D:3      | Killed CapnJeff's ghost
  1937 | D:3      | Reached skill level 1 in Armour
  1937 | D:3      | Reached XP level 5. HP: 11/40 MP: 5/5
  2106 | D:3      | Reached skill level 5 in Axes
  2571 | D:3      | Reached XP level 6. HP: 32/46 MP: 6/6
  3461 | D:4      | Reached skill level 1 in Stealth
  3579 | D:4      | Reached XP level 7. HP: 41/52 MP: 7/7
  3589 | D:4      | Reached skill level 6 in Axes
  3736 | D:5      | Entered Level 5 of the Dungeon
  3907 | D:5      | Reached skill level 1 in Shields
  4475 | D:5      | Noticed Pikel
  4496 | D:5      | Killed Pikel
  4496 | D:5      | Reached skill level 7 in Axes
  4558 | D:6      | Reached XP level 8. HP: 54/60 MP: 8/8
  5236 | D:7      | Reached skill level 5 in Fighting
  5281 | D:7      | Found an ancient bone altar of Kikubaaqudgha.
  5404 | D:7      | Noticed Joseph
  6215 | D:7      | Found a staircase to the Ecumenical Temple.
  6236 | D:7      | Killed Joseph
  6236 | D:7      | Reached skill level 8 in Axes
  6794 | D:7      | Found a sparkling altar of Nemelex Xobeh.
  6862 | D:7      | Gained mutation: You have sharp toenails. [demonic ancestry]
  6862 | D:7      | Reached XP level 9. HP: 64/68 MP: 9/9
  7192 | Temple   | Entered the Ecumenical Temple
  7221 | Temple   | Became a worshipper of Warmaster Okawaru
  8012 | D:7      | Found a bloodstained altar of Trog.
  8012 | D:7      | Found an opulent altar of Gozag.
  8246 | D:8      | Found Cebed's Book Emporium.
  8626 | D:8      | Found a basalt altar of Yredelemnul.
  8848 | D:9      | Reached skill level 5 in Armour
  8909 | D:9      | Noticed a freezing wraith
  8916 | D:9      | Noticed a troll
  8916 | D:9      | Noticed a two-headed ogre
  8918 | D:9      | Noticed a two-headed ogre
  8921 | D:9      | Gained mutation: You are dopey. (Int -2) [potion of mutation]
  8921 | D:9      | Gained mutation: Your body sometimes deteriorates upon taking damage. [potion of mutation]
  8921 | D:9      | Gained mutation: You expend magic power (3 MP) to strengthen your wands. [potion of mutation]
  8921 | D:9      | Gained mutation: You are resistant to hostile enchantments. (MR+) [potion of mutation]
  8941 | D:9      | Lost mutation: You are resistant to hostile enchantments. (MR+) [potion of mutation]
  8941 | D:9      | Lost mutation: Your body sometimes deteriorates upon taking damage. [potion of mutation]
  8941 | D:9      | Lost mutation: You are dopey. (Int -2) [potion of mutation]
  8941 | D:9      | Lost mutation: You expend magic power (3 MP) to strengthen your wands. [potion of mutation]
  8941 | D:9      | Gained mutation: Your magical capacity is low. (-10% MP) [potion of mutation]
  8941 | D:9      | Gained mutation: You are weak. (Str -2) [potion of mutation]
  8941 | D:9      | Gained mutation: You have a pair of small antennae on your head. [potion of mutation]
  8941 | D:9      | Gained mutation: You can translocate small distances at will. [potion of mutation]
  8943 | D:9      | HP: 1/69 [killer bee (7)]
  8943 | D:9      | Slain by a killer bee

Vault maps used:
D:1:      ncdulo_wetmaze
D:5:      first_ration, uniq_pikel
D:6:      kennysheep_doodads
D:7:      kiku_gazebo_pond_becter, nemelex_altar_shiori,
          gammafunk_temple_overflow_pools, temple_doors_e, centaur_isle,
          uniq_joseph
D:8:      yredelemnul_forgotten_temple_becter, serial_shops, shop
D:9:      nicolae_overflow_hidden_temple, erik_lair_dragon, hangedman_ranch
Temple:   lightli_temple_of_artemis

Skill      XL: |  1  2  3  4  5  6  7  8  9 |
---------------+----------------------------+-----
Axes           | 3 4 5 7 8 |  8.6
Dodging        | 3 |  3.7
Armour         | 1 2 3 4 5 |  5.0
Fighting       | 3 5 |  5.6
Stealth        | 1 |  1.8
Shields        | 1 2 |  2.2
Maces & Flails | |  0.3
Throwing       | |  1.8

Action                   |  1- 3 |  4- 6 |  7- 9 || total
-------------------------+-------+-------+-------++-------
Melee: War axe           |   132 |   140 |   218 ||   490
       Whip              |       |       |    53 ||    53
       Kick              |       |       |    20 ||    20
  Use: Scroll            |       |       |    13 ||    13
       Potion            |       |       |    11 ||    11
 Stab: Sleeping          |     3 |       |       ||     3
       Distracted        |       |       |     2 ||     2
  Eat: Chunk             |     2 |     6 |     9 ||    17
       Ration            |       |       |     3 ||     3
Armor: Leather armour    |    31 |       |       ||    31
       Chain mail        |       |   100 |   157 ||   257
       Skin              |       |       |     9 ||     9
Dodge: Dodged            |    90 |    49 |   171 ||   310
Block: Buckler           |       |    16 |    65 ||    81

Table legend:
 A = Spawn XP
 B = Non-spawn XP
 C = Spawn XP percentage of total XP
 D = Spawn monster count
 E = Non-spawn monster count
 F = Spawn count percentage of total count
 G = Total turns spent on level
                    A         B        C        D         E        F      G
               +---------+---------+-------+---------+---------+-------+---------
         Total |       0 |    3719 |   0.0 |       0 |     162 |   0.0 |  8943
               +---------+---------+-------+---------+---------+-------+---------
           D:1 |       0 |      38 |   0.0 |       0 |      22 |   0.0 |   859
           D:2 |       0 |      36 |   0.0 |       0 |      21 |   0.0 |   727
           D:3 |       0 |     331 |   0.0 |       0 |      28 |   0.0 |  1394
           D:4 |       0 |     339 |   0.0 |       0 |      30 |   0.0 |   756
           D:5 |       0 |     673 |   0.0 |       0 |       8 |   0.0 |   794
           D:6 |       0 |     614 |   0.0 |       0 |      16 |   0.0 |  1231
           D:7 |       0 |    1099 |   0.0 |       0 |      21 |   0.0 |  2488
           D:8 |       0 |     489 |   0.0 |       0 |      14 |   0.0 |   550
           D:9 |       0 |     100 |   0.0 |       0 |       2 |   0.0 |   106
               +---------+---------+-------+---------+---------+-------+---------
